Map: Triton LE

Players

Elazer - Winner!

  • Race: Zerg Zerg
  • Spawn Location: 11:00

DisK

  • Race: Protoss Protoss
  • Spawn Location: 5:00

VOD

Have the link to the VOD?

Description

Time

  • Played on: Sept. 6, 2019, 3:51 p.m.
  • Length: 12:12
Show
View Real Time Build Order
Export as new Build Order

Elazer Zerg - Winner!

Build Orders: Hatch First 

Get SALT Encoding   

  12  0:00  Drone  
  13  0:12  Overlord  
  13  0:18  Drone  
  14  0:30  Drone x2  
  16  0:48  Hatchery  
  15  0:51  Drone  
  15  0:55  Drone  
  17  0:58  Drone  
  18  1:09  Extractor  
  17  1:14  Spawning Pool  
  17  1:16  Drone  
  17  1:19  Drone  
  18  1:28  Drone  
  19  1:38  Drone  
  20  1:49  Drone  
  21  2:00  Queen x2  
  21  2:01  Overlord, Zergling x2  
  26  2:11  Zergling x2  
  26  2:12  Drone  
  28  2:21  Drone  
  28  2:22  Drone  
  30  2:28  Hatchery  
  29  2:32  Drone  
  29  2:33  Drone  
  31  2:40  Queen  
  33  2:50  Overlord  
  33  2:52  Drone  
  33  2:56  Drone x2  
  36  3:09  Drone x2  
  36  3:10  Drone x4  
  42  3:13  Overlord  
  42  3:18  Queen  
  44  3:32  Drone x5  
  44  3:34  Lair  
  48  3:40  Drone, Extractor  
  48  3:41  Drone  
  48  3:47  Roach Warren, Drone x2  
  50  3:48  Drone  
  50  3:50  Drone  
  50  3:52  Extractor, Drone  
  52  3:57  Drone x3  
  52  4:01  Overlord  
  55  4:03  Overlord  
  55  4:08  Overlord  
  55  4:12  Spore Crawler  
  55  4:13  Drone  
  55  4:14  Drone x2  
  55  4:16  Spore Crawler  
  56  4:17  Spore Crawler  
  56  4:22  Drone  
  56  4:23  Overlord  
  56  4:25  Metabolic Boost  
  56  4:27  Drone  
  56  4:28  Extractor  
  56  4:29  Drone x2  
  59  4:34  Overlord  
  59  4:35  Hydralisk Den  
  59  4:37  Drone  
  59  4:38  Drone x2  
  61  4:39  Drone  
  61  4:42  Drone x2  
  64  4:52  Overlord  
  64  4:54  Zergling x2  
  64  4:55  Zergling x12  
  71  5:00  Overlord  
  71  5:02  Drone  
  71  5:03  Drone x2  
  71  5:04  Extractor  
  71  5:05  Grooved Spines  
  71  5:06  Hydralisk  
  73  5:09  Hydralisk  
  73  5:13  Hydralisk  
  79  5:18  Hydralisk x2  
  83  5:23  Hydralisk x2  
  83  5:27  Hydralisk x2  
  91  5:41  Hydralisk x5  
  101  5:45  Hydralisk  
  101  5:46  Hydralisk  
  105  5:50  Baneling Nest, Pneumatized Carapace  
  105  5:53  Hydralisk  
  105  5:56  Overlord  
  106  5:58  Zergling x6  
  109  6:07  Zergling x8  
  113  6:16  Overlord  
  113  6:17  Zergling x10, Muscular Augments  
  118  6:19  Overlord  
  118  6:20  Zergling x6  
  121  6:33  Overlord  
  121  6:34  Drone x3  
  121  6:37  Centrifical Hooks  
  121  6:38  Evolution Chamber, Drone  
  124  6:42  Extractor  
  124  6:45  Drone x6  
  129  6:55  Drone x8  
  137  7:08  Overlord  
  132  7:11  Hatchery  
  125  7:15  Hydralisk  
  125  7:16  Hydralisk x4  
  125  7:21  Zerg Melee Weapons Level 1  
  125  7:22  Baneling x10  
  135  7:28  Overlord  
  135  7:29  Overlord  
  134  7:33  Overlord  
  131  7:39  Hydralisk x3  
  137  7:45  Overlord  
  137  7:53  Extractor  
  137  7:54  Drone x3  
  137  7:55  Drone x7  
  137  7:57  Hydralisk  
  148  7:59  Hydralisk  
  150  8:06  Hydralisk x4  
  159  8:13  Baneling x4  
  159  8:14  Baneling x4  
  159  8:15  Zergling x6  
  159  8:17  Overlord x2  
  159  8:19  Spine Crawler  
  160  8:23  Zergling x2  
  160  8:25  Spore Crawler  
  160  8:28  Zergling x10  
  165  8:34  Zergling x6  
  165  8:37  Baneling x6  
  168  8:43  Zergling x18  
  177  8:53  Overlord x3  
  177  8:57  Extractor  
  177  8:59  Spire  
  174  9:07  Drone x2  
  174  9:08  Hatchery  
  174  9:09  Drone  
  176  9:10  Spine Crawler  
  176  9:13  Baneling x10  
  176  9:14  Baneling x16  
  175  9:21  Zergling x2  
  175  9:22  Zergling x16  
  180  9:37  Zergling x24  
  161  9:45  Hydralisk x5  
  155  9:46  Infestation Pit  
  154  9:56  Hydralisk x4  
  147  10:03  Hydralisk x4  
  147  10:04  Evolution Chamber  
  147  10:06  Hydralisk  
  156  10:09  Hydralisk x2  
  160  10:18  Hydralisk x4  
  160  10:21  Zergling x6  
  168  10:22  Zergling x2  
  167  10:29  Baneling x15  
  162  10:37  Baneling x2, Zergling x2  
  162  10:38  Zergling x14  
  162  10:41  Zergling x2  
  162  10:42  Zergling x6  
  174  10:48  Zergling x2  
  174  10:49  Zergling x10  
  176  10:57  Extractor  
  175  11:06  Corruptor x5  
  175  11:11  Baneling x11  
  184  11:25  Corruptor x2  
  184  11:27  Corruptor  
  184  11:29  Zergling x20  
  194  11:36  Corruptor x2  
  193  11:48  Zergling x14  
Show
View Real Time Build Order
Export as new Build Order

DisK Protoss 

Build Orders: 1 Gate Expand, Oracle Opening 

Get SALT Encoding   

  12  0:00  Probe  
  13  0:12  Probe  
  14  0:20  Pylon  
  14  0:24  Probe  
  15  0:35  Probe  
  15  0:39  Gateway  
  16  0:43  Probe  
  16  0:48  Assimilator  
  17  0:52  Probe  
  18  1:04  Probe  
  19  1:16  Probe  
  20  1:23  Nexus  
  20  1:28  Probe  
  21  1:37  Cybernetics Core  
  21  1:45  Probe, Assimilator  
  22  1:53  Pylon  
  22  1:57  Probe  
  23  2:03  Stalker  
  23  2:11  Probe  
  26  2:23  Stargate, Probe  
  27  2:30  Warp Gate  
  27  2:31  Probe  
  27  2:32  Probe  
  29  2:40  Probe x2  
  29  2:49  Probe  
  29  2:50  Probe  
  30  2:55  Gateway  
  32  3:01  Oracle, Probe  
  32  3:02  Probe  
  34  3:10  Adept  
  39  3:19  Pylon  
  39  3:20  Probe  
  39  3:23  Probe  
  41  3:32  Probe  
  41  3:33  Oracle  
  42  3:35  Probe  
  46  3:45  Probe  
  47  3:49  Probe  
  47  3:53  Assimilator x2  
  47  3:54  Pylon  
  47  3:55  Robotics Facility  
  48  3:57  Probe  
  48  3:59  Probe  
  50  4:08  Probe  
  50  4:12  Probe  
  52  4:20  Probe  
  52  4:21  Void Ray  
  52  4:24  Probe  
  58  4:25  Pylon  
  58  4:29  Shield Battery  
  58  4:32  Shield Battery  
  58  4:35  Probe  
  58  4:38  Immortal, Zealot  
  59  4:43  Pylon  
  65  4:50  Probe x2  
  67  4:53  Pylon, Zealot  
  69  5:07  Pylon  
  69  5:10  Probe x2  
  69  5:12  Pylon  
  71  5:18  Nexus  
  71  5:20  Robotics Bay  
  71  5:21  Observer, Forge  
  71  5:23  Pylon  
  72  5:36  Gateway  
  72  5:38  Gateway  
  72  5:42  Probe x2  
  74  5:43  Immortal, Protoss Ground Weapons Level 1  
  74  5:49  Twilight Council  
  75  5:54  Sentry x2  
  79  5:58  Pylon  
  79  5:59  Probe  
  79  6:00  Probe  
  81  6:07  Colossus  
  81  6:22  Shield Battery  
  81  6:23  Shield Battery  
  81  6:24  Adept  
  81  6:25  Adept  
  91  6:30  Pylon x2  
  91  6:32  Adept x2  
  95  6:34  Extended Thermal Lance  
  95  6:42  Shield Battery x2  
  95  6:44  Pylon  
  95  6:46  Stalker x2  
  97  6:56  Colossus  
  97  7:07  Stalker x2  
  104  7:26  Gateway  
  104  7:27  Gateway  
  104  7:30  Gateway  
  104  7:33  Cybernetics Core  
  104  7:38  Stalker x2  
  104  7:44  Observer  
  108  7:51  Gateway  
  108  7:52  Colossus, Gateway  
  108  8:04  Phoenix  
  108  8:05  Blink, Protoss Ground Weapons Level 2  
  114  8:22  Nexus  
  114  8:25  Pylon  
  114  8:30  Templar Archives  
  114  8:35  Stalker x4  
  122  8:54  Disruptor  
  125  9:00  Gateway x2  
  123  9:12  Stalker x3  
  123  9:13  Sentry  
  123  9:14  Sentry  
  133  9:27  Zealot  
  133  9:28  Zealot  
  89  9:48  Stalker x4  
  74  10:00  Stalker x2  
  74  10:01  Warp Prism  
  80  10:09  Probe x3  
  83  10:17  Probe x2  
  83  10:18  Probe  
  83  10:27  Probe x3  
  89  10:40  Stalker x4  
  97  10:44  Probe x2  
  97  10:52  Probe  
  97  10:53  Pylon, Probe  
  97  11:03  Probe  
  98  11:05  Probe  
  98  11:09  Sentry  
  98  11:10  Sentry x3  
  108  11:26  Zealot x3  
  113  11:34  Zealot  
  113  11:35  Zealot x3  
  113  11:37  Probe  
  115  11:49  Stalker x3  
Tags
 
Add a new tag
Caveats
  • Supply blocks, unpowered buildings, or Contaminate may cause inaccurate times.
  • Supply counts are checked every 10 seconds.